 Dungeon Crawl Stone Soup version 0.19-a0-1773-gaa448fe (webtiles) character file.

107 taqueso the Conjurer (level 4, -11/30 HPs)
             Began as a Demonspawn Conjurer on Oct 9, 2016.
             Mangled by an ogre
             ... wielding a +0 giant spiked club
              (29 damage)
             ... on level 4 of the Dungeon.
             The game lasted 00:06:16 (3207 turns).

taqueso the Conjurer (Demonspawn Conjurer)          Turns: 3207, Time: 00:06:17

Health: -11/30     AC:  5    Str:  9    XL:     4   Next: 57%
Magic:  0/8        EV: 12    Int: 17    God:
Gold:   146        SH:  0    Dex: 13    Spells: 3 memorised, 2 levels left

rFire  . . .     SeeInvis .     a - +0 whip
rCold  . . .     Gourm    .     g - +0 robe
rNeg   . . .     Faith    .     (no shield)
rPois  .         Spirit   .     (no helmet)
rElec  .         Dismiss  .     d - +2 cloak
rCorr  .         Reflect  .     (no gloves)
MR     .....     Harm     .     (no boots)
Stlth  ++........               (no amulet)
                                (no ring)
                                (no ring)

@: no status effects
A: hooves 2
a: no special abilities


You were on level 4 of the Dungeon.
You were not hungry.

You visited 1 branch of the dungeon, and saw 4 of its levels.

You collected 146 gold pieces.

Inventory:

Hand Weapons
 a - a +0 whip (weapon)
   (You took it off a kobold on level 1 of the Dungeon)
Missiles
 f - 32 poisoned needles
 o - 63 stones (quivered)
 q - 16 javelins
Armour
 d - a +2 cloak (worn)
   (You found it on level 1 of the Dungeon)
 g - a +0 robe (worn)
 u - a +0 pair of boots
   (You found it on level 2 of the Dungeon)
Wands
 r - a wand of disintegration (19/24)
   (You found it on level 2 of the Dungeon)
Scrolls
 e - a scroll of identify {unknown}
 k - a scroll of enchant weapon {unknown}
 m - 2 scrolls of enchant armour {unknown}
 p - a scroll of blinking {unknown}
 s - 2 scrolls of remove curse {unknown}
 t - a scroll of random uselessness {unknown}
 w - a scroll of teleportation {unknown}
Potions
 h - 2 potions of heal wounds {unknown}
 i - 3 potions of resistance {unknown}
 j - a potion of cure mutation {unknown}
 l - 2 potions of curing {unknown}
 v - a potion of berserk rage {unknown}
 z - a potion of lignification {unknown}
 A - a potion of might {unknown}
Books
 b - a book of Conjurations
Comestibles
 c - 2 bread rations {@e1}
 n - 5 fruits
 x - a beef jerky
 B - a chunk of flesh {@w0}
 C - a slice of pizza


   Skills:
 - Level 1.7 Dodging
 - Level 1.7 Stealth
 + Level 2.9 Spellcasting
 * Level 5.5 Conjurations


You had 2 spell levels left.
You knew the following spells:

 Your Spells              Type           Power        Failure   Level  Hunger
a - Magic Dart            Conj           ###.         1%          1    None
d - Dazzling Spray        Conj/Hex       ##....       21%         3    ###....
s - Searing Ray           Conj           ###...       2%          2    ##.....


Dungeon Overview and Level Annotations

Branches:
Dungeon (4/15)
 Temple: D:4-7

Altars:
Elyvilon


Innate Abilities, Weirdness & Mutations

You have hoof-like feet.


Message History

You finish eating.
You butcher the orc corpse.
z - 3 chunks of flesh {@w0} (gained 1)
Things that are here:
a hand axe; an orc skeleton
Things that are here:
a hand axe; an orc skeleton You butcher the orc corpse.
z - 5 chunks of flesh {@w0} (gained 2)
You see here an enchanted trident. x2
Search for what [Enter for "alta", or ? for help]? mac A rat comes into view.
The magic dart hits the rat.
You now have 7/8 mp.
The magic dart hits the rat.
You kill the rat!
You now have 6/8 mp.
No target in view!
No target in view!
No target in view!
No target in view!
You start resting.
MP restored: 8 You butcher the rat corpse.
z - 6 chunks of flesh {@w0} (gained 1)
You see here a rat skeleton. x2
Found a glowing short sword.
You enter a teleport trap!
The teleport trap disappears.
Your surroundings suddenly seem different.
There is a white marble altar of Elyvilon here.
There is a fountain of clear blue water here.
You see here a club.
You see here a hunting sling.
A hobgoblin comes into view. It is wielding a long sword.
The magic dart hits the hobgoblin.
The hobgoblin shouts!
You now have 7/8 mp.
The magic dart hits the hobgoblin.
You now have 6/8 mp.
The magic dart hits the hobgoblin.
You kill the hobgoblin!
You now have 5/8 mp.
No target in view!
No target in view!
You see here a long sword.
o - 63 stones (gained 18) Some of the chunks of flesh in your inventory have rotted away.
Eating a chunk of flesh {@w0}.
You start eating the chunk of flesh {@w0}.
You are feeling hungry.
You continue eating. x2
You finish eating.
You now have 146 gold pieces (gained 17).
z - a fizzy purple potion MP restored: 8
A - a bubbling cyan potion A bat comes into view.
A bat is nearby!
The magic dart hits the bat.
You now have 7/8 mp.
The magic dart hits the bat.
You kill the bat!
You now have 6/8 mp.
No target in view!
No target in view!
You butcher the bat corpse.
B - a chunk of flesh {@w0}
C - a slice of pizza
l - 2 bubbling amethyst potions (gained 1) Done exploring.
MP restored: 8 Done exploring.
There is a stone staircase leading down here.
You climb downwards.
An ogre comes into view. It is wielding a giant spiked club.
There is a stone staircase leading up here.
The magic dart hits the ogre.
The ogre shouts!
You now have 7/8 mp.
The magic dart hits the ogre.
You now have 6/8 mp.
The magic dart hits the ogre.
You now have 5/8 mp.
The magic dart hits the ogre.
The ogre closely misses you.
You now have 4/8 mp.
The magic dart hits the ogre.
The ogre barely misses you.
You now have 3/8 mp.
You don't know that spell.
The searing ray hits the ogre.
The ogre hits you with a giant spiked club!
You take 12 damage, and have 18/30 hp.
MASSIVE DAMAGE!!
You now have 1/8 mp.
The searing ray hits the ogre.
You now have 0/8 mp.
Without enough magic to sustain it, your searing ray dissipates.
The ogre hits you with a giant spiked club!!
Ouch! That really hurt!
You die...

##.......##
#.........###.
#.............
#.............
#............
#............
#.........#
#...O@..#
##..!#### ####


You could see an ogre.

Vanquished Creatures
  3 adders (D:2)
  An ooze (D:1)
  2 worms (D:2)
  4 dart slugs
  2 leopard geckos
  4 orcs (D:3)
  9 goblins
  7 hobgoblins
  2 jackals (D:2)
  2 ball pythons
  4 bats
  4 frilled lizards
  7 kobolds
  8 rats
59 creatures vanquished.

Notes
Turn   | Place    | Note
-------+----------+-------------------------------------------
     0 | D:1      | taqueso the Demonspawn Conjurer began the quest for the Orb.
     0 | D:1      | Reached XP level 1. HP: 13/13 MP: 3/3
   234 | D:1      | Gained mutation: You have large cloven feet. [demonic ancestry]
   234 | D:1      | Reached XP level 2. HP: 19/19 MP: 1/5
   281 | D:1      | Learned a level 2 spell: Searing Ray
  1088 | D:2      | Gained mutation: You have hoof-like feet. [demonic ancestry]
  1088 | D:2      | Reached XP level 3. HP: 24/24 MP: 1/6
  1111 | D:2      | Learned a level 3 spell: Dazzling Spray
  1457 | D:2      | Reached skill level 5 in Conjurations
  1930 | D:2      | Reached XP level 4. HP: 28/30 MP: 2/8
  2681 | D:3      | Found a white marble altar of Elyvilon.
  3199 | D:4      | Noticed an ogre
  3207 | D:4      | Mangled by an ogre

Vault maps used:
D:1:      erik_arrival_triangle_medium
D:3:      elyvilon_altar_1
D:4:      lemuel_doored_altar, uniq_blork_the_orc

Skill      XL: |  1  2  3 |
---------------+----------+-----
Conjurations   | 5 |  5.5
Dodging        | |  1.7
Stealth        | |  1.7
Spellcasting   | |  2.9

Action                   |  1- 3 |  4- 6 || total
-------------------------+-------+-------++-------
Melee: Unarmed           |     8 |       ||     8
       Whip              |    23 |       ||    23
       Kick              |     3 |       ||     3
 Cast: Magic Dart        |    83 |    45 ||   128
       Searing Ray       |       |     1 ||     1
  Eat: Chunk             |     4 |     4 ||     8
Armor: Robe              |     8 |       ||     8
Dodge: Dodged            |    27 |     2 ||    29

Vault maps used:
D:1:      erik_arrival_triangle_medium
D:3:      elyvilon_altar_1
D:4:      lemuel_doored_altar, uniq_blork_the_orc

Table legend:
 A = Turns spent in this place as a percentage of turns spent in the entire game.
 B = Non-inter-level travel turns spent in this place as a percentage of non-inter-level travel turns spent in the entire game.
 C = Inter-level travel turns spent in this place as a percentage of turns spent in this place.
 D = Turns resting spent in this place as a percentage of non-inter-level travel turns spent in this place.
 E = Turns spent auto-exploring this place as a percentage of non-inter-level travel turns spent in this place.
 F = Non-inter-level travel turns spent in this place divided by the number of levels of this place that you've seen.
                   A       B       C       D       E      F
               +-------+-------+-------+-------+-------+----------------------
         Total | 100.0 | 100.0 |   0.4 |  12.3 |  14.2 | 132.0
       Dungeon | 100.0 | 100.0 |   0.4 |  12.3 |  14.2 | 132.0
               +-------+-------+-------+-------+-------+----------------------

Table legend:
 A = Kills in this place as a percentage of kills in entire the game.
 B = Kills by you in this place as a percentage of kills by you in the entire game.
 C = Kills by friends in this place as a percentage of kills by friends in the entire game.
 D = Other kills in this place as a percentage of other kills in the entire game.
 E = Experience gained in this place as a percentage of experience gained in the entire game.
 F = Experience gained in this place divided by the number of levels of this place that you have seen.
                   A       B       C       D       E      F
               +-------+-------+-------+-------+-------+----------------------
         Total | 100.0 | 100.0 |  -nan |  -nan | 100.0 |  38.5
       Dungeon | 100.0 | 100.0 |  -nan |  -nan | 100.0 |  38.5
               +-------+-------+-------+-------+-------+----------------------
